 Dungeon Crawl Stone Soup version 0.25.0-11-g1f837a76a1 (webtiles) character file.

Game seed: 1723932566873982220

218918 Flugkiller the Fencer (level 18, -4/134 HPs)
             Began as a Deep Elf Chaos Knight on June 25, 2020.
             Was a Plaything of Xom.
             Slain by a merfolk
             ... wielding a cursed -1 trident
              (13 damage)
             ... on level 4 of the Shoals.
             The game lasted 01:25:18 (45768 turns).

Flugkiller the Fencer (Deep Elf Chaos Knight)      Turns: 45768, Time: 01:25:20

Health: -4/134     AC: 23    Str: 10    XL:     18   Next: 43%
Magic:  0/29       EV: 24    Int: 18    God:    Xom [....*.]
Gold:   2730       SH:  4    Dex: 18    Spells: 17/29 levels left

rFire    + + +     SeeInvis .   g - +9 great sword (freeze)
rCold    + . .     Gourm    .   (shield currently unavailable)
rNeg     + . .     Faith    .   Y - +5 ring mail of Hamuj {rElec rN+ Regen+}
rPois    +         Spirit   +   (helmet unavailable)
rElec    +         Reflect  .   k - +2 cloak {rPois}
rCorr    .         Harm     .   W - +2 pair of gloves
MR       ++...                  w - +2 pair of boots
Stlth    ++........             o - amulet of guardian spirit
HPRegen  0.72/turn              j - +4 ring of evasion
MPRegen  0.21/turn              X - ring "Vipruw" {rElec rF+++ MR+ Int-3 Stlth+}

@: about to teleport, very slow
A: hooves 2, horns 3, large bone plates 1, molten scales 1, rugged brown scales
1, camouflage 1, cold resistance 1, fire resistance 1, mutation resistance 1,
robust 1, wild magic 1
}: 1/15 runes: gossamer
a: Renounce Religion


You were on level 4 of the Shoals.
You worshipped Xom.
You were a beloved toy of Xom.
You were not hungry.

You visited 6 branches of the dungeon, and saw 32 of its levels.
You also visited: Gauntlet and Ice Cave.

You collected 3403 gold pieces.
You spent 673 gold pieces at shops.

Inventory:

Hand Weapons
 g - a +9 great sword of freezing (weapon)
   (You took it off a wight on level 10 of the Dungeon)
 M - the +6 great sword of Debt {chaos, Str+4 Dex+4}
   (Xom gifted it to you on level 2 of the Shoals)

   Each time it hits an enemy it has a different, random effect.
   It affects your strength (+4).
   It affects your dexterity (+4).
Missiles
 a - 935 stones
 v - 47 silver javelins (quivered)
 A - 12 javelins
 J - 22 boomerangs
 Q - 7 throwing nets
Armour
 k - a +2 cloak of poison resistance (worn)
   (You found it on level 8 of the Dungeon)
 w - a +2 pair of boots (worn)
   (You found it on level 3 of the Dungeon)
 W - a +2 pair of gloves (worn)
   (You found it on level 2 of the Lair of Beasts)
 Y - the +5 ring mail of Hamuj (worn) {rElec rN+ Regen+}
   (You found it on level 2 of the Shoals)

   It insulates you from electricity.
   It protects you from negative energy.
   It increases your rate of regeneration.
Jewellery
 j - a +4 ring of evasion (left hand)
   (You found it on level 2 of the Dungeon)
 o - an amulet of guardian spirit (around neck)
   (You found it on level 3 of the Dungeon)
 R - an uncursed ring of protection from magic
   (You took it off a centaur on level 11 of the Dungeon)
 X - the ring "Vipruw" (right hand) {rElec rF+++ MR+ Int-3 Stlth+}
   (You found it on level 2 of the Lair of Beasts)

   [ring of protection from magic]

   It affects your intelligence (-3).
   It renders you almost immune to fire.
   It insulates you from electricity.
   It affects your resistance to hostile enchantments.
   It makes you more stealthy.
Wands
 h - a wand of iceblast (10)
   (You found it on level 7 of the Dungeon)
 m - a wand of disintegration (23)
   (You found it on level 7 of the Dungeon)
 y - a wand of flame (9)
   (You found it on level 4 of the Spider Nest)
 z - a wand of polymorph (13)
   (You found it on level 11 of the Dungeon)
 B - a wand of paralysis (15)
   (You found it on level 2 of the Lair of Beasts)
 E - a wand of enslavement (6)
   (You took it off Dowan on level 7 of the Dungeon)
 N - a wand of digging (6)
   (You found it on level 9 of the Dungeon)
 U - a wand of acid (19)
   (You found it on level 2 of the Lair of Beasts)
Scrolls
 e - 6 scrolls of blinking
 f - 11 scrolls of teleportation
 i - 9 scrolls of fear
 t - a scroll of summoning
 x - 12 scrolls of remove curse
 C - 2 scrolls of identify
 G - 4 scrolls of fog
 H - 6 scrolls of magic mapping
 S - 5 scrolls of immolation
Potions
 b - 2 potions of heal wounds
 l - 2 potions of lignification
 n - 5 potions of stabbing
 p - 10 potions of flight
 q - 2 potions of berserk rage
 r - 4 potions of might
 u - a potion of brilliance
 D - 2 potions of invisibility
 F - 5 potions of resistance
 I - 4 potions of magic
 K - a potion of ambrosia
 L - 2 potions of mutation
 O - 6 potions of curing
 P - 2 potions of cancellation
 V - 7 potions of haste
Miscellaneous
 d - a tin of tremorstones (inert)
   (Xom gifted it to you on level 1 of the Dungeon)
 s - a phial of floods
   (You found it on level 6 of the Lair of Beasts)
Comestibles
 c - 36 rations
 T - 4 chunks of flesh


   Skills:
 - Level 15.0 Fighting
 + Level 17.0 Long Blades
 - Level 14.0 Throwing
 + Level 4.4 Armour
 - Level 15.0 Dodging
 - Level 6.0 Spellcasting
 - Level 5.0 Hexes
 - Level 5.0 Charms
 - Level 12.0 Earth Magic
 - Level 6.0 Evocations


You had 17 spell levels left.
You knew the following spells:

 Your Spells              Type           Power        Failure   Level  Hunger
a - Sandblast             Erth           ######       1%          1    None
b - Stone Arrow           Conj/Erth      #####.       11%         3    ##.....
c - Lee's Rapid Deconstr  Erth           ######....   9%          5    #####..
d - Spectral Weapon       Hex/Chrm       ####....     16%         3    ##.....

Your spell library contained the following spells:

 Spells                   Type           Power        Failure   Level  Hunger
 Infusion                 Chrm           ####         6%          1    None
 Passwall                 Tmut/Erth      #####...     6%          2    None
 Song of Slaying          Chrm           ####....     9%          2    None
 Confusing Touch          Hex            ####....     16%         3    ##.....
 Ensorcelled Hibernation  Hex/Ice        ###...       22%         2    None
 Shroud of Golubria       Chrm/Tloc      ###...       22%         2    None
 Petrify                  Tmut/Erth      #####...     32%         4    ####...
 Ozocubu's Armour         Chrm/Ice       ###.....     38%         3    ##.....
 Corpse Rot               Necr/Air       N/A          47%         2    None
 Sublimation of Blood     Necr           #.........   47%         2    None
 Conjure Flame            Conj/Fire      #.......     71%         3    ##.....
 Gell's Gravitas          Tloc           #.........   71%         3    ##.....
 Ignite Poison            Fire/Tmut/Pois #.......     71%         3    ##.....
 Dispel Undead            Necr           #.......     97%         4    ####...
 Ice Form                 Ice/Tmut       #.......     97%         4    ####...
 Sticky Flame             Conj/Fire      #.......     97%         4    ####...
 Summon Ice Beast         Ice/Summ       #.......     97%         4    ####...
 Excruciating Wounds      Chrm/Necr      ###.......   97%         5    #####..
 Metabolic Englaciation   Hex/Ice        ###.......   97%         5    #####..
 Yara's Violent Unravell  Hex/Tmut       ###.......   97%         5    #####..
 Agony                    Necr           #.......     100%        5    #####..
 Alistair's Intoxication  Tmut/Pois      #.......     100%        5    #####..
 Irradiate                Conj/Tmut      #.........   100%        5    #####..
 Summon Forest            Summ/Tloc      #.........   100%        5    #####..
 Eringya's Noxious Bog    Tmut/Pois      #.........   100%        6    #######
 Hydra Form               Tmut           #.........   100%        6    #######
 Simulacrum               Ice/Necr       #.........   100%        6    #######
 Summon Hydra             Summ           #.........   100%        7    #######


Dungeon Overview and Level Annotations

Branches:
Dungeon (15/15)            Temple (1/1) D:4            Lair (6/6) D:11
 Shoals (4/4) Lair:2       Spider (4/4) Lair:3        Slime (0/5) Lair:6
    Orc (2/2) D:9             Elf (0/3) Orc:2        Vaults (0/5) D:14
 Depths (0/5) D:15          IceCv (visited)         Gauntlet (visited)

Altars:
Ashenzari
Dithmenos
Elyvilon
Gozag
Kikubaaqudgha
Ru
Trog
Uskayaw
Vehumet
Xom
Yredelemnul
Zin

Shops:
D:10 *   D:11 *   D:15 (   Orc:1 =   Orc:2 *?=[   Shoals:1 *

Portals:
Abyss: Shoals:1

Annotations:
D:2 exclusion: 3 gnolls, Natasha, Sigmund
D:6 1 runed translucent door, Crazy Yiuf
D:8 exclusion: ugly thing
D:14 1 runed translucent door, releu's ghost, journeyman TrTm
Shoals:1 2 transporters, Fv001's ghost, adept TrBe


Innate Abilities, Weirdness & Mutations

You have hoof-like feet.
You have a pair of large horns on your head.
You are partially covered in large bone plates. (SH +4)
You are partially covered in molten scales. (AC +2)
You are partially covered in rugged brown scales. (AC +1, +3% HP)
Your skin changes colour to match your surroundings (Stealth+).
Your flesh is cold resistant. (rC+)
Your flesh is heat resistant. (rF+)
You are somewhat resistant to further mutation.
You are robust. (+10% HP)
Your spells are a little harder to cast, but a little more powerful.


Message History

Evoke which item? (* to show all) (? for menu, Esc to quit)
Okay, then.
Unknown command.
Press: ? - help, v - describe, . - travel
Here: a merfolk javelineer, wielding a +3 vorpal spear, wearing a +0 leather armour and quivering 17 silver javelins The floor.
Unknown command.
As you read the scroll of teleportation, it crumbles to dust.
You feel strangely unstable. The snapping turtle closely misses you.
Unknown command.
Throwing (i - inventory. (/) - cycle)
v - 48 silver javelins (quivered)
Press: ? - help, Shift-Dir - straight line, f - merfolk
Aim: a merfolk, wielding a -1 trident You throw a silver javelin.
The silver javelin pierces through the merfolk!
The merfolk is moderately wounded.
You hear a splash.
The merfolk hits you from afar with a cursed -1 trident.
* * * LOW HITPOINT WARNING * * *
You float gracefully downwards.
Splash!
You fall into the shallow water.
Moving in this stuff is going to be slow.
The merfolk javelineer throws a silver javelin.
The silver javelin misses your spectral weapon.
The silver javelin pierces through you but does no damage.
The silver sears you!
* * * LOW HITPOINT WARNING * * *
You hear a splash.
The snapping turtle completely misses you.
The merfolk barely misses you.
You see here 6 silver javelins.
The snapping turtle barely misses you. The merfolk completely misses you.
You riposte.
You slice the merfolk!! You freeze the merfolk!
The merfolk is severely wounded.
The snapping turtle bites you from afar!
* * * LOW HITPOINT WARNING * * *
The merfolk javelineer throws a silver javelin.
The silver javelin pierces through your spectral weapon!
Your spectral weapon shares its damage with you! x2
Your spectral weapon fades away.
* * * LOW HITPOINT WARNING * * *
The silver javelin pierces through you!!
* * * LOW HITPOINT WARNING * * *
The silver sears you!
* * * LOW HITPOINT WARNING * * *
You hear a splash.
The merfolk hits you with a cursed -1 trident!
You die...
Xom snickers!

..#.#.≈≈≈##..........÷≈PP.PP≈P≈≈≈
.).#.≈≈≈##..........†......≈P≈≈≈≈
.....####≈....≈..............≈≈≈≈
.....≈≈≈≈≈≈..........P≈≈≈P≈≈.≈≈≈≈
...).≈≈≈≈≈≈≈≈≈....(≈P≈≈(≈≈≈≈≈≈P≈≈
....≈≈≈≈≈≈≈≈≈≈≈P...≈≈≈≈≈≈≈≈.≈≈≈≈≈
.....≈≈≈≈≈≈≈≈≈≈≈≈≈≈.≈≈≈≈≈≈≈.≈^≈≈≈
.......≈≈≈≈≈≈≈≈#####≈≈≈≈≈P≈≈.≈m≈≈
........≈≈≈≈≈≈##@((##≈≈≈≈≈#####≈≈
........≈≈≈≈≈≈#(≈m(.#..≈≈## k #≈
#######....)≈.#≈mt..).(≈≈# m ≈ #
#...).<..≈#≈≈)..#(≈≈≈#m #
##........≈##≈.(##≈≈≈≈# t #
#.........≈≈#####≈≈≈)≈# S #
#..........≈≈≈≈≈≈≈≈≈≈≈≈#
#..≈≈......≈≈≈≈≈≈≈≈≈≈≈≈≈≈≈
##.≈≈≈≈.....≈≈≈≈≈≈≈≈≈≈≈≈≈≈≈


You could see a merfolk javelineer, a snapping turtle and a merfolk.

Vanquished Creatures
  Rupert (Orc:2)
  A kraken (Shoals:2)
  A storm dragon (Lair:3)
  Frances (Spider:1)
  Ilsuiw (Shoals:4)
  A frost giant (Shoals:3)
  A cacodemon (Gauntlet)
  4 ghost moths (Spider:4)
  2 emperor scorpions (Spider:4)
  An entropy weaver (Spider:3)
  A stone giant (Orc:1)
  A minotaur (Gauntlet)
  Azrael (D:15)
  3 merfolk javelineers (Shoals:4)
  2 merfolk impalers
  A yaktaur captain (D:15)
  Josephine (D:12)
  3 ogre magi
  8 hydras
  A merfolk avatar (Shoals:1)
  3 centaur warriors
  An anaconda (Shoals:1)
  3 merfolk aquamancers
  Erica (Orc:1)
  17 two-headed ogres
  7 death yaks
  3 satyrs
  Urug (Orc:2)
  An unseen horror (D:15)
  7 sea snakes
  5 skeletal warriors
  2 deep trolls (Orc:2)
  Pikel (D:7)
  A wizard (D:14)
  An orc knight (D:15)
  28 orb spiders
  20 wolf spiders
  An orc sorcerer (Orc:2)
  17 harpies
  13 cyclopes
  8 ugly things
  14 fauns
  3 deep elf magi
  2 oklob plants
  4 manticores
  A guardian serpent (shapeshifter) (D:14)
  2 ice statues (IceCv)
  10 merfolk sirens
  6 elephants
  6 water nymphs
  A black mamba (Lair:3)
  22 spiny frogs
  5 gargoyles
  3 torpor snails
  25 demonic crawlers
  6 komodo dragons
  A kobold demonologist (D:14)
  3 yaktaurs
  An efreet (D:15)
  2 rime drakes
  12 merfolk
  34 jumping spiders
  15 trolls
  2 tyrant leeches (Lair:6)
  2 polar bears
  3 meliai (Gauntlet)
  11 hornets
  9 wind drakes
  5 slime creatures
  Prince Ribbit (D:7)
  A wind drake (shapeshifter) (D:15)
  6 snapping turtles
  10 hippogriffs
  25 blink frogs
  A meliai zombie (D:15)
  10 dream sheep
  82 redbacks
  41 yaks
  41 tarantellas
  A wyvern (shapeshifter) (D:15)
  6 wraiths
  A wyvern (D:15)
  A shadow (D:11)
  4 fire elementals (D:15)
  8 basilisks
  2 neqoxecs (Gauntlet)
  14 water elementals
  A human (D:8)
  3 hungry ghosts
  2 hogs (D:8)
  3 chaos spawn (Gauntlet)
  6 vampire mosquitoes
  4 wargs
  2 acid dragons
  5 porcupines
  12 water moccasins
  A floating eye (D:15)
  2 sky beasts
  Duvessa (D:7)
  5 black bears
  8 orc warriors
  A hornet zombie (D:11)
  10 ice beasts
  2 phantoms
  4 slaves
  2 necrophages
  30 ogres
  A sky beast (shapeshifter) (D:15)
  An eye of draining (D:12)
  4 wolves (Lair:4)
  19 centaurs
  17 crocodiles
  4 big kobolds
  18 bullfrogs
  Dowan (D:7)
  A wyvern zombie (D:11)
  2 wyvern skeletons (D:14)
  2 scorpions
  14 killer bees
  5 howler monkeys
  11 wights
  5 electric eels
  6 crimson imps
  2 bullfrog zombies
  A quasit (D:13)
  2 centaur zombies
  10 hounds
  7 centaur skeletons
  7 orc priests
  8 jellies
  16 orc wizards
  2 bullfrog skeletons
  Ijyb (D:5)
  3 iguanas
  12 worker ants
  A killer bee zombie (D:8)
  3 hound skeletons
  3 gnolls (D:9)
  20 adders
  A river rat (Lair:6)
  12 shadow imps
  12 white imps (D:12)
  2 oozes
  2 adder zombies (D:7)
  An adder skeleton (D:5)
  3 worms
  4 dart slugs
  12 leopard geckos
  60 orcs
  6 ball pythons
  5 giant cockroaches
  2 goblins
  9 hobgoblins
  7 jackals
  7 quokkas
  7 bats
  8 frilled lizards
  16 kobolds
  A leopard gecko skeleton (D:4)
  A quokka zombie (D:8)
  3 rats
  A fungus (Lair:6)
  3 plants
  2 tentacles (Shoals:2)
1142 creatures vanquished.

Vanquished Creatures (collateral kills)
  Nikola (Shoals:2)
  An emperor scorpion (Spider:4)
  A skeletal warrior (D:11)
  An orb spider (Spider:4)
  A wolf spider (Spider:4)
  A spiny frog (Lair:6)
  A yaktaur (D:14)
  A jumping spider (Spider:4)
  A redback (Spider:4)
  3 yaks (D:10)
  A wyvern skeleton (D:8)
  An orc (D:3)
14 creatures vanquished.

Vanquished Creatures (others)
  A dancing weapon (Shoals:2)
  An unseen horror (D:15)
  A wolf spider (Spider:1)
  A cyclops (Shoals:3)
  A manticore (Shoals:1)
  A yak (Lair:1)
  2 tarantellas
  A redback (Spider:4)
  A neqoxec (Gauntlet)
  An orc priest (D:6)
  25 fungi
  69 plants
  15 spectral weapons
  10 tentacles (Shoals:2)
130 creatures vanquished.

Grand Total: 1286 creatures vanquished

Notes
Turn   | Place    | Note
-------+----------+-------------------------------------------
     0 | D:1      | Flugkiller the Deep Elf Chaos Knight began the quest for
                  | the Orb.
     0 | D:1      | Reached XP level 1. HP: 13/13 MP: 3/3
    45 | D:1      | XOM: silly message
    77 | D:1      | XOM: silly message
   106 | D:1      | XOM: silly message
   218 | D:1      | Reached skill level 3 in Long Blades
   236 | D:1      | XOM: potion effect (might)
   237 | D:1      | XOM: potion effect (brilliance)
   239 | D:1      | Reached XP level 2. HP: 12/18 MP: 4/4
   249 | D:1      | XOM: 1-stop teleportation journey
   413 | D:1      | XOM: divination: detect items
   427 | D:1      | XOM: divination: detect creatures
   643 | D:1      | Reached XP level 3. HP: 22/22 MP: 5/5
   807 | D:2      | Noticed Sigmund
   972 | D:1      | XOM: give mutation
   972 | D:1      | Gained mutation: You are robust. (+10% HP) [Xom's grace]
  1058 | D:1      | XOM: god gift: tin of tremorstones (3/3)
  1161 | D:2      | XOM: give mutation
  1161 | D:2      | Gained mutation: You have large cloven feet. [Xom's grace]
  1312 | D:2      | XOM: scenery: create altars
  1328 | D:2      | XOM: give mutations
  1328 | D:2      | Gained mutation: Your skin changes colour to match your
                  | surroundings (Stealth+). [Xom's grace]
  1328 | D:2      | Gained mutation: You are resistant to hostile enchantments.
                  | (MR+) [Xom's grace]
  1411 | D:2      | Reached XP level 4. HP: 24/29 MP: 6/6
  1488 | D:2      | Found a hide-covered altar of Uskayaw.
  1500 | D:2      | XOM: fog
  1746 | D:2      | XOM: scenery: 1 doors open
  1753 | D:2      | Reached skill level 4 in Long Blades
  2008 | D:2      | Noticed Natasha
  2449 | D:3      | Found an ancient bone altar of Kikubaaqudgha.
  2458 | D:3      | XOM: 2-stop teleportation journey
  2477 | D:3      | Reached XP level 5. HP: 25/35 MP: 5/7
  2537 | D:3      | XOM: 4-stop teleportation journey
  2905 | D:3      | XOM: cleaving
  2932 | D:3      | XOM: silly message
  2936 | D:3      | XOM: potion effect (might)
  3172 | D:3      | XOM: divination: magic mapping
  3333 | D:4      | Noticed an ogre
  3338 | D:4      | XOM: confuse monster(s)
  3339 | D:4      | XOM: cast spell 'Alistair's Intoxication'
  3410 | D:4      | XOM: god gift: glaive {god gift}
  3547 | D:4      | Reached XP level 6. HP: 32/40 MP: 6/8
  3792 | D:4      | XOM: summons friendly shadow imp
  3879 | D:4      | XOM: blink monster(s)
  3881 | D:4      | XOM: noise
  3887 | D:4      | Reached skill level 5 in Long Blades
  3949 | D:4      | XOM: god gift: mace {god gift}
  4051 | D:4      | XOM: 4-stop teleportation journey
  4209 | D:4      | XOM: confuse monster(s)
  4256 | D:4      | Reached skill level 5 in Dodging
  4256 | D:4      | Reached XP level 7. HP: 31/46 MP: 5/9
  4259 | D:4      | XOM: polymorph worm -> jelly
  4629 | D:4      | Found a staircase to the Ecumenical Temple.
  4645 | Temple   | Entered the Ecumenical Temple
  4687 | D:5      | Entered Level 5 of the Dungeon
  4702 | D:5      | XOM: 1-stop teleportation journey
  4745 | D:5      | XOM: potion effect (heal wounds)
  4936 | D:6      | Learned a level 1 spell: Sandblast
  4954 | D:6      | XOM: enchant monster (good)
  4981 | D:5      | XOM: enchant monster (bad)
  4988 | D:5      | XOM: confuse monster(s)
  4989 | D:5      | Reached skill level 6 in Long Blades
  5116 | D:5      | XOM: give mutations
  5116 | D:5      | Gained mutation: You are partially covered in icy blue
                  | scales. (AC +2) [Xom's grace]
  5116 | D:5      | Gained mutation: You evolve. [Xom's grace]
  5116 | D:5      | Gained mutation: You are partially covered in molten
                  | scales. (AC +2) [Xom's grace]
  5116 | D:5      | Gained mutation: Your muscles are strong. (Str +2) [Xom's
                  | grace]
  5242 | D:5      | XOM: enchant monster (good)
  5247 | D:5      | Reached skill level 1 in Spellcasting
  5260 | D:5      | Reached skill level 1 in Earth Magic
  5260 | D:5      | Reached skill level 1 in Evocations
  5388 | D:5      | Noticed Ijyb
  5411 | D:5      | Killed Ijyb
  5459 | D:5      | XOM: 1-stop teleportation journey
  5490 | D:5      | XOM: smoke on damage
  5495 | D:5      | Reached XP level 8. HP: 46/51 MP: 9/13
  5713 | D:5      | XOM: noise
  5720 | D:5      | XOM: confusion (+ monsters)
  5937 | D:6      | XOM: blink monster(s)
  6053 | D:6      | Reached skill level 5 in Fighting
  6155 | D:6      | XOM: potion effect (curing)
  6278 | D:6      | Found a glowing silver altar of Zin.
  6279 | D:6      | Noticed an angel
  6324 | D:6      | Gained mutation: You are highly resistant to hostile
                  | enchantments. (MR++) [evolution]
  6341 | D:6      | Found a sacrificial altar of Ru.
  6595 | D:6      | Found a runed translucent door.
  6596 | D:6      | Noticed Crazy Yiuf
  6911 | D:7      | Noticed Prince Ribbit
  6926 | D:7      | Killed Prince Ribbit
  6926 | D:7      | Reached XP level 9. HP: 56/59 MP: 11/15
  7029 | D:7      | Noticed a two-headed ogre
  7030 | D:7      | Noticed Pikel
  7039 | D:7      | XOM: confuse monster(s)
  7114 | D:7      | Reached skill level 5 in Earth Magic
  7197 | D:7      | XOM: enchant monster (bad)
  7218 | D:7      | XOM: enchant monster (good)
  7265 | D:7      | XOM: confusion (+ monsters)
  7274 | D:7      | Killed Pikel
  7318 | D:7      | XOM: polymorph orc -> ball python
  7363 | D:7      | XOM: god gift: 2 silver javelins
  7406 | D:7      | XOM: cleaving
  7411 | D:7      | Killed a two-headed ogre
  7411 | D:7      | Reached skill level 10 in Dodging
  7423 | D:7      | XOM: chaos upgrade
  7440 | D:7      | XOM: stat loss: -1 Dex (14/15)
  7515 | D:7      | XOM: cloud trail
  7517 | D:7      | Noticed Duvessa
  7528 | D:7      | Noticed Dowan
  7530 | D:7      | XOM: summons 2 friendly demons
  7531 | D:7      | XOM: confusion (+ monsters)
  7544 | D:7      | Killed Duvessa
  7549 | D:7      | XOM: confuse monster(s)
  7554 | D:7      | Killed Dowan
  7687 | D:7      | XOM: scenery: create altars
  7688 | D:7      | Reached XP level 10. HP: 66/66 MP: 16/16
  7688 | D:7      | XOM: cast spell 'Chain of Chaos'
  7732 | D:7      | XOM: summons 10 friendly demons
  7816 | D:8      | XOM: cloud trail
  7840 | D:8      | Noticed a glowing shapeshifter
  7840 | D:8      | a scorpion changed into a glowing shapeshifter
  7840 | D:8      | XOM: polymorph scorpion -> glowing shapeshifter
  7840 | D:8      | Noticed a faun
  7840 | D:8      | a glowing shapeshifter changed into a faun
  7842 | D:8      | Noticed a wolf spider
  7842 | D:8      | a faun changed into a wolf spider
  7883 | D:8      | XOM: silly message
  7997 | D:8      | Noticed a two-headed ogre
  8011 | D:8      | XOM: cast spell 'Olgreb's Toxic Radiance'
  8014 | D:8      | XOM: potion effect (heal wounds)
  8023 | D:8      | Killed a two-headed ogre
  8209 | D:8      | XOM: potion effect (stabbing)
  8220 | D:8      | XOM: potion effect (magic)
  8366 | D:8      | XOM: potion effect (might)
  8368 | D:8      | XOM: potion effect (brilliance)
  8498 | D:8      | Learned a level 3 spell: Stone Arrow
  8504 | D:8      | Learned a level 5 spell: Lee's Rapid Deconstruction
  8521 | D:8      | Noticed a white ugly thing
  8535 | D:8      | XOM: silly message
  8580 | D:9      | Found an opulent altar of Gozag.
  8614 | D:9      | XOM: potion effect (brilliance)
  8664 | D:9      | XOM: divination: detect items
  8738 | D:9      | XOM: silly message
  9041 | D:9      | Got a faintly humming ring mail
  9129 | D:9      | XOM: silly message
  9230 | D:9      | Got a crude shortbow
  9253 | D:9      | Identified the +2 ring mail "Sun Zeuv" {rN+ Int+2} (You
                  | found it on level 9 of the Dungeon)
  9307 | D:9      | XOM: smoke on damage
  9320 | D:9      | XOM: silly message
  9475 | D:9      | Found a staircase to the Orcish Mines.
  9628 | D:9      | XOM: noise
  9633 | D:9      | Reached skill level 10 in Earth Magic
  9759 | D:9      | XOM: noise
  9844 | D:9      | XOM: god gift: ration
  9999 | D:9      | XOM is BORED!
 10055 | D:10     | Entered Level 10 of the Dungeon
 10055 | D:10     | Found Jatz's Elemental Accessories.
 10070 | D:10     | XOM: confuse monster(s)
 10327 | D:10     | XOM: give mutation
 10327 | D:10     | Gained mutation: Your body sometimes deteriorates upon
                  | taking damage. [Xom's mischief]
 10408 | D:10     | XOM: draining
 10419 | D:10     | Reached XP level 11. HP: 29/70 MP: 13/17
 10794 | D:10     | XOM: enchant monster (good)
 10799 | D:10     | XOM: cleaving
 10803 | D:10     | XOM: summons 3 friendly demons
 11129 | D:10     | XOM: 2-stop teleportation journey
 11590 | D:11     | Noticed a seven-headed hydra
 11689 | D:11     | Noticed a skeletal warrior
 11693 | D:11     | XOM: enchant monster (bad)
 11695 | D:11     | XOM: fog
 11700 | D:11     | XOM: noise
 11710 | D:11     | Found a gate leading to a gauntlet.
 11714 | Gauntlet | Entered a Gauntlet
 11714 | Gauntlet | Found a transporter.
 11737 | Gauntlet | Found a transporter.
 11740 | Gauntlet | Found a transporter.
 11745 | Gauntlet | Noticed an oklob plant
 11749 | Gauntlet | Found a transporter.
 11752 | Gauntlet | Found a transporter.
 11764 | Gauntlet | Found a transporter.
 11765 | Gauntlet | Found a transporter.
 11767 | Gauntlet | Noticed a cacodemon
 11773 | Gauntlet | Found a transporter.
 11776 | Gauntlet | Found a transporter.
 11778 | Gauntlet | Noticed a death scarab
 11778 | Gauntlet | Noticed a death scarab
 11784 | Gauntlet | Found a transporter.
 11805 | Gauntlet | Found a transporter.
 11817 | Gauntlet | Found a transporter.
 11829 | Gauntlet | Found a transporter.
 11841 | Gauntlet | Found a transporter.
 11970 | Gauntlet | XOM: noise
 12203 | Gauntlet | Killed an oklob plant
 12265 | Gauntlet | XOM: enchant monster (good)
 12411 | Gauntlet | Reached XP level 12. HP: 83/83 MP: 18/18
 12419 | Gauntlet | Lost mutation: Your body sometimes deteriorates upon taking
                  | damage. [a cacodemon]
 12421 | Gauntlet | Gained mutation: Your magical capacity is low. (-10% MP) [a
                  | cacodemon]
 12422 | Gauntlet | XOM: draining
 12427 | Gauntlet | Gained mutation: You are partially covered in large bone
                  | plates. (SH +4) [a cacodemon]
 12429 | Gauntlet | XOM: smoke on damage
 12435 | Gauntlet | Gained mutation: Your magical capacity is very low. (-20%
                  | MP) [a cacodemon]
 12437 | Gauntlet | XOM: destruction
 12443 | Gauntlet | Gained mutation: Armour fits poorly on your strangely
                  | shaped body. [a cacodemon]
 12446 | Gauntlet | XOM: summons 2 friendly demons
 12447 | Gauntlet | XOM: repel stairs
 12447 | Gauntlet | Lost mutation: You are robust. (+10% HP) [a cacodemon]
 12451 | Gauntlet | Killed a cacodemon
 12647 | Gauntlet | Gained mutation: You have hoof-like feet. [evolution]
 12887 | Gauntlet | Noticed a minotaur
 12914 | Gauntlet | Killed a minotaur
 12919 | Gauntlet | Identified Zasaumek's Papyrus of Clay and Snow
 12919 | Gauntlet | Identified the Disquisition on Necromancy and the Blaze
 12920 | Gauntlet | Got a slimy leather armour
 12968 | D:11     | XOM: 1-stop teleportation journey
 12975 | D:11     | XOM: noise
 13037 | D:11     | XOM: summons 2 hostile demons
 13129 | D:10     | XOM: summons 5 hostile demons
 13259 | D:11     | Noticed a two-headed ogre
 13267 | D:11     | Killed a two-headed ogre
 13270 | D:11     | Found Reitum's Assorted Antiques.
 13333 | D:11     | XOM: noise
 13340 | D:11     | Reached skill level 1 in Throwing
 13443 | D:11     | XOM: swap monsters
 13530 | D:11     | XOM: blink monster(s)
 13636 | D:11     | XOM: destruction
 13656 | D:11     | XOM: confusion (+ monsters)
 13660 | D:11     | XOM: enchant monster (bad)
 13800 | D:11     | XOM: cloud trail
 13835 | D:11     | Reached skill level 7 in Long Blades
 13844 | D:11     | XOM: give mutations
 13844 | D:11     | Lost mutation: You are highly resistant to hostile
                  | enchantments. (MR++) [Xom's mischief]
 13844 | D:11     | Lost mutation: Your magical capacity is very low. (-20% MP)
                  | [Xom's mischief]
 13978 | D:11     | XOM: scenery: create altars
 13981 | D:11     | Found a staircase to the Lair.
 14058 | D:11     | XOM: chaos upgrade
 14070 | D:11     | Reached skill level 10 in Fighting
 14168 | D:11     | XOM: give mutations
 14168 | D:11     | Lost mutation: Armour fits poorly on your strangely shaped
                  | body. [Xom's mischief]
 14168 | D:11     | Lost mutation: You are partially covered in icy blue
                  | scales. (AC +2) [Xom's mischief]
 14168 | D:11     | Lost mutation: Your magical capacity is low. (-10% MP)
                  | [Xom's mischief]
 14168 | D:11     | Gained mutation: You occasionally shout uncontrollably at
                  | your foes. [Xom's mischief]
 14175 | D:11     | Reached skill level 5 in Throwing
 14392 | D:11     | XOM: swap monsters
 14473 | D:11     | XOM: potion effect (heal wounds)
 14487 | D:11     | XOM: enchant monster (bad)
 14575 | D:10     | XOM: scenery: create altars
 14589 | D:10     | Reached XP level 13. HP: 41/82 MP: 21/22
 14803 | D:11     | XOM: fake destruction
 14959 | Lair:1   | Entered Level 1 of the Lair of Beasts
 15030 | Lair:1   | Reached skill level 8 in Long Blades
 15095 | Lair:1   | XOM: cleaving
 15110 | Lair:1   | XOM: polymorph yak -> orb spider
 15218 | Lair:1   | Gained mutation: You are agile. (Dex +2) [evolution]
 15218 | Lair:1   | Lost mutation: You evolve. [end of evolution]
 15781 | Lair:1   | XOM: give mutations
 15781 | Lair:1   | Gained mutation: You expend magic power (3 MP) to
                  | strengthen your wands. [Xom's grace]
 15781 | Lair:1   | Gained mutation: You are somewhat resistant to further
                  | mutation. [Xom's grace]
 15781 | Lair:1   | Gained mutation: You can translocate small distances at
                  | will. [Xom's grace]
 15781 | Lair:1   | Gained mutation: You are robust. (+10% HP) [Xom's grace]
 15792 | Lair:1   | XOM: give mutations
 15792 | Lair:1   | Gained mutation: You are partially covered in rugged brown
                  | scales. (AC +1, +3% HP) [Xom's grace]
 15792 | Lair:1   | Gained mutation: You have a pair of small horns on your
                  | head. [Xom's grace]
 15792 | Lair:1   | Gained mutation: You possess an exceptional clarity of
                  | mind. [Xom's grace]
 15792 | Lair:1   | Gained mutation: Your flesh is cold resistant. (rC+) [Xom's
                  | grace]
 15874 | Lair:1   | XOM: give mutations
 15874 | Lair:1   | Gained mutation: Your spells are a little harder to cast,
                  | but a little more powerful. [Xom's grace]
 15874 | Lair:1   | Gained mutation: Your system is resistant to poisons.
                  | (rPois) [Xom's grace]
 15874 | Lair:1   | Gained mutation: You have a pair of horns on your head.
                  | [Xom's grace]
 15874 | Lair:1   | Gained mutation: You are highly resistant to hostile
                  | enchantments. (MR++) [Xom's grace]
 15900 | Lair:1   | XOM: scenery: create altars
 16045 | Lair:1   | XOM: scenery: create altars
 16360 | Lair:2   | Reached skill level 5 in Spellcasting
 16508 | Lair:2   | Got a smoking steel ring
 16538 | Lair:2   | Identified the ring "Vipruw" {rElec rF+++ MR+ Int-3 Stlth+}
                  | (You found it on level 2 of the Lair of Beasts)
 16539 | Lair:2   | Identified the +2 leather armour of Qimio {*Drain Str+5}
                  | (You found it in a Gauntlet)
 16550 | Lair:2   | XOM: summons 2 hostile shadow creatures
 16937 | Lair:2   | Found a staircase to the Shoals.
 17267 | Lair:3   | Found a hole to the Spider Nest.
 17305 | Lair:3   | XOM: enchant monster (good)
 17569 | Lair:3   | XOM: give mutations
 17569 | Lair:3   | Gained mutation: Your spells are harder to cast, but more
                  | powerful. [Xom's grace]
 17569 | Lair:3   | Gained mutation: You have a pair of large horns on your
                  | head. [Xom's grace]
 17569 | Lair:3   | Gained mutation: Your mind is acute. (Int +2) [Xom's grace]
 17569 | Lair:3   | Gained mutation: You are very robust. (+20% HP) [Xom's
                  | grace]
 17792 | Lair:3   | XOM: give mutations
 17792 | Lair:3   | Lost mutation: Your mind is acute. (Int +2) [Xom's
                  | mischief]
 17792 | Lair:3   | Lost mutation: You are agile. (Dex +2) [Xom's mischief]
 17856 | Lair:3   | XOM: give mutations
 17856 | Lair:3   | Lost mutation: You can translocate small distances at will.
                  | [Xom's mischief]
 17856 | Lair:3   | Lost mutation: You occasionally shout uncontrollably at
                  | your foes. [Xom's mischief]
 17856 | Lair:3   | Lost mutation: Your spells are harder to cast, but more
                  | powerful. [Xom's mischief]
 17856 | Lair:3   | Lost mutation: You expend magic power (3 MP) to strengthen
                  | your wands. [Xom's mischief]
 17866 | Lair:3   | XOM: give mutations
 17866 | Lair:3   | Lost mutation: Your muscles are strong. (Str +2) [Xom's
                  | mischief]
 17866 | Lair:3   | Lost mutation: You are partially covered in molten scales.
                  | (AC +2) [Xom's mischief]
 18311 | Lair:4   | XOM: god gift: 7 stones
 18321 | Lair:4   | Reached skill level 9 in Long Blades
 18390 | Lair:4   | XOM: smoke on damage
 18390 | Lair:4   | XOM: torment (53/100 hp)
 18712 | Lair:4   | XOM: cast spell 'Summon Ice Beast'
 18734 | Lair:4   | XOM: enchant monster (good)
 18745 | Lair:4   | XOM: confuse monster(s)
 18755 | Lair:4   | XOM: silly message
 18765 | Lair:4   | XOM: enchant monster (good)
 18787 | Lair:4   | XOM: 5-stop teleportation journey
 18834 | Lair:4   | Noticed an emperor scorpion
 18834 | Lair:4   | a death yak changed into an emperor scorpion
 18834 | Lair:4   | XOM: polymorph death yak -> emperor scorpion
 18843 | Lair:4   | XOM: god gift: 11 sling bullets
 18875 | Lair:4   | Noticed a minotaur
 18875 | Lair:4   | an emperor scorpion changed into a minotaur
 18875 | Lair:4   | XOM: polymorph emperor scorpion -> minotaur
 18886 | Lair:4   | a minotaur changed into a death yak
 18886 | Lair:4   | XOM: polymorph minotaur -> death yak
 18912 | Lair:4   | XOM: cleaving
 18925 | Lair:3   | Reached skill level 10 in Throwing
 18954 | Lair:3   | XOM: god gift: scroll of teleportation
 18970 | Lair:3   | XOM: give mutation
 18970 | Lair:3   | Gained mutation: You are agile. (Dex +2) [Xom's grace]
 19026 | Lair:3   | XOM: scenery: create altars
 19888 | Lair:4   | XOM: god gift: wand of acid (6)
 20136 | Lair:5   | XOM: enchant monster (good)
 20187 | Lair:5   | XOM: 9-stop teleportation journey
 20260 | Lair:5   | XOM: god gift: 23 arrows
 20407 | Lair:5   | Identified the +3 shortbow of Ariof {venom, +Inv rC+ rN+
                  | Int+4} (You found it on level 9 of the Dungeon)
 20561 | Lair:5   | XOM is BORED!
 20561 | Lair:5   | XOM: torment (62/100 hp)
 20790 | Lair:5   | Reached XP level 14. HP: 96/108 MP: 17/23
 21117 | Lair:5   | Identified the +1 scale mail "Yxeotyi" {Harm rCorr} (You
                  | found it on level 5 of the Lair of Beasts)
 21203 | Lair:5   | XOM: cloud trail
 21409 | Lair:5   | XOM: scenery: create altars
 21411 | Lair:6   | Entered Level 6 of the Lair of Beasts
 21415 | Lair:6   | XOM: confuse monster(s)
 21424 | Lair:6   | Reached skill level 10 in Long Blades
 21424 | Lair:6   | XOM: potion effect (might)
 21427 | Lair:5   | XOM: potion effect (curing)
 21471 | Lair:6   | XOM: potion effect (haste)
 21515 | Lair:5   | XOM: silly message
 21798 | Lair:5   | XOM: potion effect (brilliance)
 22041 | Lair:5   | Reached skill level 11 in Long Blades
 22117 | Lair:6   | XOM: polymorph spiny frog -> hippogriff
 22170 | Lair:6   | XOM: silly message
 22196 | Lair:6   | XOM: enchant monster (good)
 22211 | Lair:6   | XOM: cast spell 'Ring of Flames'
 22277 | Lair:6   | XOM: divination: detect items
 22341 | Lair:6   | XOM: confuse monster(s)
 22448 | Lair:6   | XOM: noise
 22554 | Lair:6   | Reached skill level 12 in Long Blades
 22598 | Lair:6   | XOM: silly message
 22979 | Lair:6   | Found a staircase to the Slime Pits.
 23005 | Lair:6   | XOM: enchant monster (good)
 23016 | Lair:6   | XOM: enchant monster (good)
 23041 | Lair:6   | Reached skill level 5 in Evocations
 23130 | Lair:6   | XOM: cloud trail
 23225 | Lair:6   | XOM: enchant monster (bad)
 23228 | Lair:6   | XOM: scenery: create altars
 23229 | Lair:6   | XOM: confuse monster(s)
 23233 | Lair:6   | XOM: divination: detect creatures
 23486 | Lair:6   | XOM: god gift: scroll of amnesia
 23588 | Lair:6   | XOM: scenery: create altars
 23710 | Lair:6   | XOM: scenery: create altars
 23988 | Orc:1    | Entered Level 1 of the Orcish Mines
 23988 | Orc:1    | Found a bloodstained altar of Trog.
 23992 | Orc:1    | Noticed Erica
 24001 | Orc:1    | Killed Erica
 24151 | Orc:1    | Found Caoghes's Jewellery Shop.
 24158 | Orc:2    | Entered Level 2 of the Orcish Mines
 24429 | Orc:2    | Found a staircase to the Elven Halls.
 24474 | Orc:2    | Noticed Urug
 24486 | Orc:2    | XOM: confuse monster(s)
 24499 | Orc:2    | Killed Urug
 24507 | Orc:2    | XOM: silly message
 24623 | Orc:2    | Noticed Rupert
 24726 | Orc:2    | XOM: confuse monster(s)
 24759 | Orc:2    | Killed Rupert
 24784 | Orc:2    | XOM: potion effect (brilliance)
 24789 | Orc:2    | XOM: potion effect (stabbing)
 24829 | Orc:2    | Reached XP level 15. HP: 92/114 MP: 24/24
 24872 | Orc:2    | XOM: enchant monster (bad)
 25025 | Orc:2    | XOM: silly message
 25189 | Orc:2    | XOM: potion effect (invisibility)
 25194 | Orc:2    | XOM: potion effect (stabbing)
 25232 | Orc:2    | XOM: silly message
 25414 | Orc:1    | XOM: potion effect (heal wounds)
 25420 | Orc:1    | XOM: fog
 25886 | Orc:2    | Reached skill level 13 in Long Blades
 25964 | Orc:2    | Found Pimobb's Jewellery Emporium.
 25968 | Orc:2    | Found Gotwut's Assorted Antiques.
 25974 | Orc:2    | Found Nogikhloiko's Antique Armour Shoppe.
 25975 | Orc:2    | Found Juuhol's Magic Scroll Emporium.
 26197 | Orc:2    | XOM: 3-stop teleportation journey
 26316 | Orc:2    | Bought a scroll of brand weapon for 300 gold pieces
 26325 | Orc:2    | Bought a scroll of enchant weapon for 195 gold pieces
 26325 | Orc:2    | Bought a scroll of fog for 52 gold pieces
 26490 | D:12     | Found a frozen archway.
 26521 | IceCv    | Entered an ice cave
 26522 | IceCv    | Found a transporter.
 26561 | IceCv    | Found a transporter.
 26568 | IceCv    | XOM: 2-stop teleportation journey
 26571 | IceCv    | XOM: enchant monster (good)
 26575 | IceCv    | XOM: potion effect (berserk rage)
 26588 | IceCv    | XOM: confuse monster(s)
 26871 | IceCv    | Got an encrusted hat
 27002 | D:12     | XOM: summons 9 friendly demons
 27113 | D:12     | Identified the cursed +0 hat "Jealanol" {rPois rCorr} (You
                  | found it in an ice cave)
 27175 | D:12     | XOM: divination: detect items
 27595 | D:13     | Noticed Josephine
 27604 | D:12     | Killed Josephine
 27860 | D:13     | Got a scorched longbow
 27861 | D:13     | Identified the cursed +1 longbow of Chaos {freeze, rElec
                  | rN+} (You found it on level 13 of the Dungeon)
 28009 | D:13     | Found an opulent altar of Gozag.
 28023 | D:13     | XOM: polymorph slime creature -> water nymph
 28030 | D:13     | XOM: confuse monster(s)
 28241 | D:13     | Found a glowing silver altar of Zin.
 28771 | D:14     | XOM: stealth player
 28869 | D:14     | XOM: summons friendly shadow imp
 28878 | D:14     | XOM: potion effect (brilliance)
 29111 | D:14     | XOM: god gift: metal-bound book {god gift}
 29127 | D:14     | XOM: god gift: 38 gold pieces
 29130 | D:14     | XOM: cleaving
 29131 | D:14     | XOM: blink monster(s)
 29279 | D:14     | Found a runed translucent door.
 29280 | D:14     | Identified the +10 spear of Dissolution {venom, *Contam
                  | *Slow MR+++}
 29285 | D:14     | Noticed releu's ghost (journeyman TrTm)
 29290 | D:14     | Got a brightly glowing chain mail
 29339 | D:14     | Identified the +0 chain mail of Mezcal {Harm Dex+2} (You
                  | found it on level 14 of the Dungeon)
 29345 | D:14     | Reached skill level 14 in Long Blades
 29693 | D:14     | Found a gate to the Vaults.
 29743 | D:14     | Learned a level 3 spell: Spectral Weapon
 29998 | D:15     | Entered Level 15 of the Dungeon
 29998 | D:15     | Found Imegeguc's Antique Weapon Boutique.
 30003 | D:15     | XOM: swap monsters
 30007 | D:15     | Reached skill level 1 in Hexes
 30007 | D:15     | Reached skill level 1 in Charms
 30049 | D:15     | XOM: swap monsters
 30051 | D:15     | XOM: 1-stop teleportation journey
 30062 | D:15     | Reached skill level 15 in Dodging
 30268 | D:15     | XOM: cloud trail
 30281 | D:15     | XOM: summons 6 hostile demons
 30484 | D:15     | Got a distressingly furry ring mail
 30485 | D:15     | Identified the cursed +1 ring mail of Anim Nae {+Inv rPois
                  | Dex-5} (You found it on level 15 of the Dungeon)
 30514 | D:15     | XOM: polymorph komodo dragon -> floating eye
 30545 | D:15     | Noticed Azrael
 30555 | D:15     | Killed Azrael
 30594 | D:15     | Reached XP level 16. HP: 124/124 MP: 25/27
 30595 | D:15     | XOM: blink monster(s)
 30681 | D:15     | Found a shadowy altar of Dithmenos.
 30698 | D:15     | XOM: draining
 30763 | D:15     | XOM: scenery: create altars
 30842 | D:15     | XOM: enchant monster (bad)
 31003 | D:15     | XOM: noise
 31188 | D:15     | Found a staircase to the Depths.
 31190 | D:15     | XOM: cast spell 'Ring of Flames'
 31479 | Spider:1 | Entered Level 1 of the Spider Nest
 31500 | Spider:1 | XOM: silly message
 31573 | Spider:1 | XOM: smoke on damage
 31577 | Lair:3   | XOM: summons friendly white imp
 31584 | Lair:3   | XOM: scenery: create altars
 31593 | Lair:3   | Noticed a storm dragon
 31593 | Lair:3   | an emperor scorpion changed into a storm dragon
 31593 | Lair:3   | XOM: polymorph emperor scorpion -> storm dragon
 31599 | Lair:3   | Killed a storm dragon
 31678 | Lair:3   | XOM: give mutations
 31678 | Lair:3   | Gained mutation: You are partially covered in molten
                  | scales. (AC +2) [Xom's grace]
 31678 | Lair:3   | Gained mutation: Your spells are harder to cast, but more
                  | powerful. [Xom's grace]
 31678 | Lair:3   | Gained mutation: Your flesh is heat resistant. (rF+) [Xom's
                  | grace]
 31678 | Lair:3   | Gained mutation: Your muscles are strong. (Str +2) [Xom's
                  | grace]
 31819 | Spider:1 | XOM: give mutations
 31819 | Spider:1 | Gained mutation: Your muscles are very strong. (Str +4)
                  | [Xom's grace]
 31819 | Spider:1 | Gained mutation: You are extremely robust. (+30% HP) [Xom's
                  | grace]
 31819 | Spider:1 | Gained mutation: You are somewhat resistant to both further
                  | mutation and mutation removal. [Xom's grace]
 31844 | Spider:1 | XOM: cleaving
 32425 | Spider:1 | Noticed Frances
 32457 | Spider:1 | Killed Frances
 32591 | Spider:1 | XOM: draining
 32625 | Spider:1 | XOM: give mutations
 32625 | Spider:1 | Lost mutation: You are highly resistant to hostile
                  | enchantments. (MR++) [Xom's mischief]
 32625 | Spider:1 | Lost mutation: You possess an exceptional clarity of mind.
                  | [Xom's mischief]
 32803 | Spider:1 | XOM: summons 9 hostile demons
 32955 | Spider:1 | XOM: give mutations
 32955 | Spider:1 | Lost mutation: You are resistant to hostile enchantments.
                  | (MR+) [Xom's mischief]
 32955 | Spider:1 | Lost mutation: You are extremely robust. (+30% HP) [Xom's
                  | mischief]
 32955 | Spider:1 | Lost mutation: Your spells are harder to cast, but more
                  | powerful. [Xom's mischief]
 32955 | Spider:1 | Lost mutation: Your muscles are very strong. (Str +4)
                  | [Xom's mischief]
 33414 | Spider:2 | XOM: 5-stop teleportation journey
 33426 | Spider:2 | XOM: blink monster(s)
 33432 | Spider:2 | XOM: blink monster(s)
 33447 | Spider:2 | XOM: polymorph tarantella -> dream sheep
 33533 | Spider:2 | XOM: summons 4 hostile shadow creatures
 33742 | Spider:2 | XOM: 2-stop teleportation journey
 33769 | Spider:2 | XOM: draining
 33875 | Spider:2 | XOM: silly message
 33886 | Spider:2 | XOM: potion effect (magic)
 34024 | Spider:2 | XOM: silly message
 34113 | Spider:2 | XOM: 1-stop teleportation journey
 34274 | Spider:2 | XOM: enchant monster (bad)
 34303 | Spider:2 | XOM: confuse monster(s)
 34820 | Spider:2 | XOM: enchant monster (good)
 35209 | Spider:3 | XOM: enchant monster (good)
 35263 | Spider:3 | Reached skill level 15 in Long Blades
 35369 | Spider:3 | XOM: potion effect (stabbing)
 35489 | Spider:3 | XOM: smoke on damage
 35742 | Spider:3 | XOM: noise
 35853 | Spider:3 | XOM: divination: detect items
 35857 | Spider:3 | Reached XP level 17. HP: 126/134 MP: 25/28
 35868 | Spider:3 | XOM: noise
 36878 | Spider:4 | Entered Level 4 of the Spider Nest
 36931 | Spider:3 | XOM: smoke on damage
 37506 | Spider:4 | XOM: enchant monster (good)
 38104 | Spider:4 | XOM: polymorph orb spider -> hornet
 38157 | Spider:4 | Reached skill level 5 in Charms
 38531 | Spider:4 | XOM: divination: magic mapping
 38657 | Spider:4 | XOM: divination: detect items
 38676 | Spider:4 | Reached skill level 5 in Hexes
 38719 | Spider:4 | XOM: cast spell 'Summon Ice Beast'
 39078 | Spider:4 | XOM: cloud trail
 39549 | Spider:4 | XOM: give mutation
 39549 | Spider:4 | Lost mutation: You are agile. (Dex +2) [Xom's mischief]
 39921 | Spider:4 | XOM: summons 16 friendly demons
 39980 | Spider:4 | XOM: repel stairs
 40117 | Spider:4 | XOM: god gift: 590 gold pieces
 40470 | Spider:4 | Got a gossamer rune of Zot
 40589 | Lair:3   | XOM is BORED!
 40673 | Shoals:1 | Entered Level 1 of the Shoals
 40680 | Shoals:1 | Got a dazzling plate armour
 40692 | Shoals:1 | Reached skill level 16 in Long Blades
 40696 | Shoals:1 | Found a one-way gate to the infinite horrors of the Abyss.
 40696 | Shoals:1 | Noticed Fv001's ghost (adept TrBe)
 40699 | Shoals:1 | Identified the +4 plate armour of Context {Harm rN++ MR-
                  | Int+4} (You found it on level 1 of the Shoals)
 40721 | Shoals:1 | XOM: scenery: create altars
 40797 | Shoals:1 | XOM: summons 9 hostile demons
 41199 | Shoals:1 | Found Juji's General Store.
 41218 | Shoals:1 | Bought 2 potions of curing for 84 gold pieces
 41218 | Shoals:1 | Bought a scroll of teleportation for 42 gold pieces
 41255 | Shoals:1 | Noticed a hellephant
 41258 | Shoals:1 | Found a transporter.
 41291 | Shoals:1 | XOM: polymorph snapping turtle -> anaconda
 41389 | Shoals:1 | Found a transporter.
 41605 | Shoals:1 | XOM: smoke on damage
 41768 | Shoals:1 | XOM: give mutations
 41768 | Shoals:1 | Lost mutation: Your muscles are strong. (Str +2) [Xom's
                  | mischief]
 41768 | Shoals:1 | Lost mutation: You are very robust. (+20% HP) [Xom's
                  | mischief]
 42317 | Shoals:2 | XOM: smoke on damage
 43307 | Shoals:2 | XOM: silly message
 43385 | Shoals:2 | XOM: 2-stop teleportation journey
 43393 | Shoals:2 | XOM: 2-stop teleportation journey
 43394 | Shoals:2 | Noticed a kraken
 43410 | Shoals:2 | XOM: silly message
 43548 | Shoals:1 | XOM: give mutations
 43548 | Shoals:1 | Lost mutation: Your system is resistant to poisons. (rPois)
                  | [Xom's mischief]
 43548 | Shoals:1 | Lost mutation: You are somewhat resistant to both further
                  | mutation and mutation removal. [Xom's mischief]
 43683 | Shoals:2 | XOM: cast spell 'Olgreb's Toxic Radiance'
 43715 | Shoals:2 | Got a heavily runed ring mail
 43717 | Shoals:2 | Identified the +5 ring mail of Hamuj {rElec rN+ Regen+}
                  | (You found it on level 2 of the Shoals)
 43739 | Shoals:2 | XOM: god gift: twisted great sword {god gift}
 43740 | Shoals:2 | Got a twisted great sword {god gift}
 43897 | Shoals:3 | Noticed Nikola
 43935 | Shoals:2 | Killed Nikola
 43935 | Shoals:2 | Reached skill level 1 in Armour
 43940 | Shoals:2 | XOM: scenery: create altars
 43974 | Shoals:2 | Killed a kraken
 44047 | Shoals:3 | XOM: confuse monster(s)
 44051 | Shoals:3 | Reached XP level 18. HP: 132/132 MP: 25/29
 44284 | Shoals:3 | XOM: confuse monster(s)
 44292 | Shoals:3 | XOM: divine lightning
 44456 | Shoals:3 | Identified the +6 great sword of Debt {chaos, Str+4 Dex+4}
                  | (Xom gifted it to you on level 2 of the Shoals)
 44593 | Shoals:3 | Got a smoking golden ring
 44684 | Shoals:3 | Identified the ring of Pyomu {*Drain rPois rN+ MR+} (You
                  | found it on level 3 of the Shoals)
 44884 | Shoals:4 | Entered Level 4 of the Shoals
 45185 | Shoals:4 | XOM: god gift: 5 javelins
 45273 | Shoals:4 | XOM: destruction
 45297 | Shoals:4 | Noticed Ilsuiw
 45298 | Shoals:4 | XOM: divination: detect creatures
 45300 | Shoals:4 | XOM: confuse monster(s)
 45314 | Shoals:4 | Killed Ilsuiw
 45328 | Shoals:4 | XOM: scenery: create altars
 45427 | Shoals:4 | XOM: enchant monster (good)
 45436 | Shoals:4 | Reached skill level 15 in Fighting
 45735 | Shoals:4 | XOM: silly message
 45745 | Shoals:4 | Reached skill level 17 in Long Blades
 45768 | Shoals:4 | Slain by a merfolk

Illustrated notes

Levels and vault maps discovered:
D:1:      nicolae_arrival_memento_mori, layout_rooms, minmay_pentomino_x4
D:2:      layout_basic, eat_drink_and_be_merry_uskayaw, lemuel_round_altar,
          uniq_sigmund, uniq_natasha
D:3:      layout_basic, lemuel_doored_altar
D:4:      minmay_chambers_of_threes, layout_rooms, minmay_temple_entry_fiery,
          minmay_misc_feat_pillars
D:5:      layout_rooms, first_ration, uniq_ijyb
D:6:      layout_rooms, nicolae_ru_sacrificial_ziggurat, zin_angel,
          uniq_crazy_yiuf_cottage
D:7:      layout_rooms, uniq_prince_ribbit1, uniq_duvessa, uniq_pikel
D:8:      layout_gridville, lemuel_coloured_pillars_altar, grunt_livestock
D:9:      minmay_recursive_quarters, layout_loops_ring, hiddenorc1_lemuel,
          grunt_gozag_statues
D:10:     layout_cave_pods, nicolae_elemental_shop
D:11:     layout_loops_ring, lair_entry_dummy, serial_shops, nicolae_shop_trees,
          gauntlet_entry_generic
D:12:     layout_irregular_city, portal_ice_cave_entry_imps
D:13:     layout_roguey, basic_altar, lemuel_oklob_altar, uniq_josephine
D:14:     layout_rooms, hangedman_vaults_entry_quadrant_bands,
          nicolae_two_hexagons, ebering_ghost_funeral_grove
D:15:     grunt_enter_depths_snipers, layout_small_grid,
          nicolae_dithmenos_the_darkroom, serial_shops,
          nicolae_shop_competitors_out_of_business, uniq_azrael
Temple:   eino_temple_rhombus
Lair:1:   layout_cave_pods, st_stairs_13, infiniplex_staircase_pool
Lair:2:   layout_long_grid, minmay_shoals_entry_lonely_mermaid,
          nicolae_quartered_pool_super, columned_hall_lemuel
Lair:3:   layout_loops_ring, spider_nest_entry_web_field
Lair:4:   layout_gridlike, grunt_megastairs_1, serial_bayou_shore_b,
          serial_bayou_shore_a, lemuel_fruit_fields
Lair:5:   layout_roguey, serial_bayou_shore_b
Lair:6:   minmay_lair_end_frog_pond, layout_regular_city, slime_dummy,
          kennysheep_basilisk_garden
Shoals:1: layout_shoals, serial_shops, shop_statue,
          gammafunk_ghost_abyssal_escape, ldierk_geyser
Shoals:2: cheibrodos_shoals_satyrical_garden, layout_shoals
Shoals:3: layout_shoals, st_cyclops, uniq_nikola
Shoals:4: shoals_end_simple, layout_shoals, shoals_ilsuiw_alternative
Spider:1: layout_spider_delve, uniq_frances
Spider:2: layout_chambers
Spider:3: layout_chambers, worms_lemuel, nicolae_spider_cling_ruins
Spider:4: spider_rune_water
Orc:1:    layout_caves, serial_shops, nicolae_shop_behind_doors, bloody_trog,
          uniq_erica
Orc:2:    st_orc_open, layout_caves, uniq_urug, uniq_rupert

Skill      XL: |  1  2  3  4  5  6  7  8  9 10 11 12 13 14 15 16 17 18 |
---------------+-------------------------------------------------------+-----
Long Blades    | 3 4 5 6 7 9 12 14 15 16 17 | 17.0
Dodging        | 3 4 5 7 10 12 14 15 | 15.0
Fighting       | 3 4 5 6 9 10 12 13 14 15 | 15.0
Spellcasting   | 2 3 4 5 6 |  6.0
Earth Magic    | 1 4 7 10 11 12 | 12.0
Evocations     | 1 2 6 |  6.0
Throwing       | 5 11 12 14 | 14.0
Hexes          | 3 4 5 |  5.0
Charms         | 3 4 5 |  5.0
Armour         | 1 4 |  4.4

Action                   |  1- 3 |  4- 6 |  7- 9 | 10-12 | 13-15 | 16-18 || total
-------------------------+-------+-------+-------+-------+-------+-------++-------
Melee: Falchion          |    52 |    94 |    65 |       |       |       ||   211
       Whip              |    56 |       |       |       |       |       ||    56
       Kick              |     5 |    28 |       |       |       |       ||    33
       Spear             |       |    84 |       |       |       |       ||    84
       Great sword       |       |       |   276 |   565 |  1189 |  1055 ||  3085
       Headbutt          |       |       |       |       |   291 |   247 ||   538
Throw: Dart              |       |       |     5 |     1 |       |       ||     6
       Javelin           |       |       |       |    41 |   106 |    14 ||   161
       Stone             |       |       |       |       |     8 |       ||     8
       Throwing net      |       |       |       |       |     2 |       ||     2
 Cast: Sandblast         |       |       |    17 |    24 |    12 |    77 ||   130
       Lee's Rapid Decon |       |       |       |    16 |    30 |    31 ||    77
       Spectral Weapon   |       |       |       |       |     1 |    62 ||    63
Evoke: Tin of tremorston |       |     5 |     2 |     2 |     6 |    10 ||    25
       Wand              |       |       |     1 |     8 |    11 |    26 ||    46
       Box of beasts     |       |       |       |     1 |     1 |       ||     2
       Phial of floods   |       |       |       |       |       |     1 ||     1
  Use: Scroll            |     5 |     5 |     8 |    12 |    21 |    13 ||    64
       Potion            |       |     5 |       |    10 |       |    13 ||    28
 Stab: Paralysed         |     1 |     2 |       |       |    11 |     1 ||    15
       Sleeping          |       |     5 |     4 |    17 |    21 |    18 ||    65
       Petrified         |       |       |       |     3 |     4 |     4 ||    11
       Invisible         |       |       |       |     4 |       |       ||     4
       Confused          |       |       |       |       |     6 |     1 ||     7
       Distracted        |       |       |       |       |     3 |     7 ||    10
  Eat: Chunk             |     2 |     8 |     9 |    13 |    38 |    36 ||   106
       Ration            |       |       |     1 |     6 |     7 |     8 ||    22
Armor: Leather armour    |    29 |    43 |   101 |   183 |   251 |   283 ||   890
       Skin              |       |    11 |       |       |       |    23 ||    34
       Ring mail         |       |       |       |       |       |    59 ||    59
Dodge: Dodged            |    65 |   143 |   400 |   946 |  1624 |  1695 ||  4873
Block: Other             |       |       |       |    45 |   258 |   265 ||   568
       Rpst.: Falchion   |     8 |    27 |    27 |       |       |       ||    62
       Great sword       |       |       |    97 |   267 |   413 |   300 ||  1077
